 Dungeon Crawl Stone Soup version 0.30.1-11-g7821555f0a (webtiles) character file.

Game seed: 17506258943875462308

280 monsoonserge the Cudgeller (level 6, 0/30 (36) HPs)
             Began as a Tengu Reaver on Jan 13, 2024.
             Slain by Blork the orc
             ... wielding a +0 dire flail of protection
              (5 damage)
             ... on level 4 of the Dungeon.
             The game lasted 00:05:59 (2299 turns).

monsoonserge the Cudgeller (Tengu Reaver)           Turns: 2299, Time: 00:06:00

HP:   0/30 (36)     AC: 14    Str: 12    XL:     6   Next: 27%
MP:   7/10          EV: 12    Int: 16    God:
Gold: 160           SH:  4    Dex: 12    Spells: 8/9 levels left

rFire   . . .        b - +1 flail (protect)
rCold   . . .        d - +0 buckler
rNeg    . . .        x - +0 ring mail
rPois   .            (helmet restricted)
rElec   .            a - +0 cloak
rCorr   .            v - +0 pair of gloves
SInv    .            (boots unavailable)
Will    .....        (no amulet)
Stlth   +            (no ring)
HPRegen 0.25/turn    (no ring)
MPRegen 0.12/turn

%: no passive effects
@: under a protective aura, flying quickly and evasively, very slightly
contaminated, heavily drained, quick
A: beak, talons 3, nimble flight
a: no special abilities


You were on level 4 of the Dungeon.
You visited 1 branch of the dungeon, and saw 4 of its levels.

You collected 160 gold pieces.

Inventory:

Hand Weapons
 b - a +1 flail of protection (weapon)
 m - a +2 dagger of venom
 w - a +4 quarterstaff of chaos
Missiles
 n - 8 poisoned darts (quivered)
 q - 5 javelins
Armour
 a - a +0 cloak (worn)
 d - a +0 buckler (worn)
 v - a +0 pair of gloves (worn)
 x - a +0 ring mail (worn)
Jewellery
 g - a ring of ice
Wands
 y - a wand of flame (18)
Scrolls
 h - a scroll of magic mapping {unknown}
 i - a scroll of fear {unknown}
 p - 2 scrolls of identify {unknown}
 r - 2 scrolls of amnesia {unknown}
 s - 2 scrolls of noise {unknown}
 u - a scroll of teleportation {unknown}
 z - a scroll of blinking {unknown}
Potions
 c - a potion of degeneration {unknown}
 e - 2 potions of invisibility {unknown}
 f - 3 potions of flight {unknown}
 j - 4 potions of curing {unknown}
 k - a potion of ambrosia {unknown}
 l - a potion of might {unknown}
 o - a potion of attraction {unknown}
 t - 2 potions of haste


   Skills:
 + Level 2.5 Fighting
 - Level 1.0 Short Blades
 + Level 4.9 Maces & Flails
 + Level 0.4 Throwing
 * Level 2.5 Armour
 + Level 3.0 Dodging
 * Level 2.0 Shields
 - Level 2.0 Spellcasting
 + Level 4.4 Conjurations
 - Level 1.0 Necromancy


You had 8 spell levels left.
You knew the following spells:

 Your Spells              Type           Power      Damage    Failure   Level
a - Kiss of Death         Conj/Necr      40%        2d8       22%         1

Your spell library contained the following spells:

 Spells                   Type           Power      Damage    Failure   Level
 Momentum Strike          Conj/Tloc      16%        3d8       36%         2
 Hailstorm                Conj/Ice       8%         3d4       61%         3
 Confusing Touch          Hex            1%         N/A       88%         3
 Dispel Undead            Necr           4%         3d7       99%         4


Dungeon Overview and Level Annotations

Branches:
Dungeon (4/15)
 Temple: D:4-7

Altars:

Annotations:
D:4 Blork the orc


Innate Abilities, Weirdness & Mutations

You have a beak for a mouth.
You have claws for feet.
Your magical nature lets you fly swiftly and evasively.


Message History

You sock Blork the orc!
You claw Blork the orc, but do no damage.
You peck Blork the orc, but do no damage.
Blork the orc is moderately wounded.
Blork the orc hits you with a +0 dire flail of protection!
Blork the orc hits you but does no damage.
You sock Blork the orc! You claw Blork the orc.
You peck Blork the orc, but do no damage.
Blork the orc is heavily wounded.
Blork the orc misses you.
Blork the orc hits you with a +0 dire flail of protection.
* * * LOW HITPOINT WARNING * * *
Casting: Kiss of Death (safe; 22% risk of failure)
Confirm with . or Enter, or press ? or * to list all spells.
Aiming: Kiss of Death (safe; 22% risk of failure)
Press: ? - help, Shift-Dir - straight line, f - Blork the orc
Aim: Blork the orc, wielding a +0 dire flail of protection, wearing a +0 robe and wearing a ring of magical power (heavily wounded, fast, 100% to hit)
The negative energy hits Blork the orc.
Blork the orc is drained!
Blork the orc is severely wounded.
You feel drained. Blork the orc barely misses you.
Casting: Kiss of Death (safe; 22% risk of failure)
Confirm with . or Enter, or press ? or * to list all spells.
Aiming: Kiss of Death (safe; 22% risk of failure)
Press: ? - help, Shift-Dir - straight line, f/p - Blork the orc
Aim: Blork the orc, wielding a +0 dire flail of protection, wearing a +0 robe and wearing a ring of magical power (severely wounded, fast, heavily drained, 100% to hit)
You miscast Kiss of Death.
You are very lightly contaminated with residual magic.
Nothing appears to happen.
Blork the orc hits you but does no damage.
Blork the orc points at you and mumbles some strange words.
The magic dart hits you.
* * * LOW HITPOINT WARNING * * *
Casting: Kiss of Death (safe; 22% risk of failure)
Confirm with . or Enter, or press ? or * to list all spells.
Aiming: Kiss of Death (safe; 22% risk of failure)
Press: ? - help, Shift-Dir - straight line, f/p - Blork the orc
Aim: Blork the orc, wielding a +0 dire flail of protection, wearing a +0 robe and wearing a ring of magical power (severely wounded, fast, heavily drained, 100% to hit)
You miscast Kiss of Death.
Nothing appears to happen.
Blork the orc hits you with a +0 dire flail of protection.
You die...

#..)........#
#...........#
####.######## #.# #..
#.# #.#
#######.##############
#..>.@.............)..
#.##o.#.##############
#..### ###### #....
...... ##### ######


You could see Blork the orc (fast, very drained).

Vanquished Creatures
  Sigmund (D:4)
  Crazy Yiuf (D:2)
  Ijyb (D:4)
  2 adders
  2 dart slugs (D:1)
  An orc (D:3)
  5 ball pythons
  6 endoplasms
  2 giant cockroaches
  10 goblins
  6 hobgoblins
  6 kobolds
  2 quokkas
  4 rats
49 creatures vanquished.

Notes
Turn   | Place    | Note
-------+----------+-------------------------------------------
     0 | D:1      | monsoonserge the Tengu Reaver began the quest for the Orb.
     0 | D:1      | Reached XP level 1. HP: 12/12 MP: 4/4
   171 | D:1      | Reached XP level 2. HP: 17/17 MP: 6/6
   276 | D:1      | Found a faded altar of an unknown god.
   502 | D:1      | Reached XP level 3. HP: 16/21 MP: 7/7
   831 | D:2      | Found a runed translucent door.
   832 | D:2      | Noticed Crazy Yiuf
   884 | D:2      | You fall into a shaft and drop 1 floor!
  1724 | D:2      | Paralysed by Crazy Yiuf for 3 turns
  1727 | D:2      | Killed Crazy Yiuf
  1728 | D:2      | Reached skill level 1 in Short Blades
  1728 | D:2      | Reached skill level 1 in Shields
  1728 | D:2      | Reached skill level 1 in Necromancy
  1728 | D:2      | Reached XP level 4. HP: 5/21 MP: 5/8
  1905 | D:3      | Reached skill level 1 in Armour
  2124 | D:4      | Noticed Blork the orc
  2148 | D:4      | Noticed Ijyb
  2156 | D:4      | Killed Ijyb
  2173 | D:4      | Noticed Sigmund
  2179 | D:4      | Killed Sigmund
  2180 | D:4      | Gained mutation: Your magical nature lets you fly swiftly
                  | and evasively. [Tengu growth]
  2180 | D:4      | Reached XP level 5. HP: 24/31 MP: 7/9
  2180 | D:4      | Reached XP level 6. HP: 28/36 MP: 7/10
  2299 | D:4      | Slain by Blork the orc

Illustrated notes

Levels and vault maps discovered:
D:1:      tarquinn_simple_flora_water_f, layout_loops_ring,
          shapermc_ecumenical_altar_mp_ritualfount
D:2:      layout_basic, uniq_crazy_yiuf_cottage
D:3:      layout_rooms
D:4:      layout_basic, uniq_blork_the_orc, uniq_ijyb, uniq_robin, uniq_sigmund

Skill      XL: |  1  2  3  4  5  6 |
---------------+-------------------+-----
Short Blades   | 1 |  1.0
Shields        | 1 2 |  2.0
Necromancy     | 1 |  1.0
Armour         | 2 |  2.5
Maces & Flails | 4 |  4.9
Dodging        | 3 |  3.0
Fighting       | |  2.5
Throwing       | |  0.4
Spellcasting   | |  2.0
Conjurations   | |  4.4

Action                     |  1- 3 |  4- 6 || total
---------------------------+-------+-------++-------
  Melee: Mace              |     6 |       ||     6
         Flail             |    32 |    39 ||    71
         Kick              |    11 |    12 ||    23
         Peck              |     4 |     7 ||    11
         Dagger            |    17 |     4 ||    21
  Throw: Dart              |       |     7 ||     7
   Cast: Kiss of Death     |     2 |     2 ||     4
   Stab: Sleeping          |     1 |       ||     1
 Armour: Leather armour    |    12 |       ||    12
         Ring mail         |       |    12 ||    12
  Dodge: Dodged            |    30 |    22 ||    52
  Block: Buckler           |     5 |    12 ||    17
